 Dungeon Crawl Stone Soup version 0.26-a0-752-gcff87cac9a (webtiles) character file.

Game seed: 4049776467747852925

117 Antenora the Skirmisher (level 4, 0/40 HPs)
             Began as a Draconian Abyssal Knight on Nov 6, 2020.
             Was a Believer of Lugonu.
             Killed from afar by an orc wizard (13 damage)
             ... with a puff of frost
             ... on level 3 of the Dungeon.
             The game lasted 00:06:29 (1565 turns).

Antenora the Skirmisher (Draconian Abyssal Knight)  Turns: 1565, Time: 00:06:32

Health: 0/40       AC:  5    Str: 16    XL:     4   Next: 71%
Magic:  5/5        EV: 13    Int: 12    God:    Lugonu [**....]
Gold:   63         SH:  0    Dex: 12    Spells: 3/3 levels left

rFire    . . .     SeeInvis .   a - +1 falchion
rCold    . . .     Faith    .   (no shield)
rNeg     . . .     Spirit   .   (armour unavailable)
rPois    .         Reflect  .   (helmet restricted)
rElec    .         Harm     .   (no cloak)
rCorr    .         Rampage  .   (no gloves)
MR       .....                  (no boots)
Stlth    +.........             (no amulet)
HPRegen  0.13/turn              (no ring)
MPRegen  0.09/turn              (no ring)

@: no status effects
A: unfitting armour, horns 1, agile 1, no potion heal 1, cold-blooded, AC +5
a: Depart the Abyss, Bend Space, Renounce Religion


You were on level 3 of the Dungeon.
You worshipped Lugonu.
Lugonu was pleased with you.
You visited 1 branch of the dungeon, and saw 3 of its levels.
You visited the Abyss 1 time.

You collected 63 gold pieces.

Inventory:

Hand Weapons
 a - a +1 falchion (weapon)
Jewellery
 f - a cursed -4 ring of protection
 i - a +4 ring of protection
Scrolls
 b - a scroll of teleportation
 c - 2 scrolls of identify
 d - 2 scrolls of random uselessness {unknown}
 e - a scroll of remove curse {unknown}
 g - a scroll of fear {unknown}
Potions
 h - 2 potions of resistance {unknown}


   Skills:
 + Level 4.1 Fighting
 + Level 3.5 Long Blades
 + Level 2.9 Dodging
 + Level 0.1 Stealth
 * Level 2.5 Invocations


You had 3 spell levels left.
You didn't know any spells.
Your spell library was empty.

Dungeon Overview and Level Annotations

Branches:
Dungeon (3/15)

Altars:
Ashenzari
Okawaru
Ru


Innate Abilities, Weirdness & Mutations

Your plain brown scales are hard. (AC +5)
You cannot fit into any form of body armour.
You are cold-blooded and may be slowed by cold attacks.
You have a pair of small horns on your head.
You are agile. (Dex +2)
Potions are less effective at restoring your health.


Message History

The orc wizard is heavily wounded.
The orc wizard gestures at you while chanting.
The magic dart hits you!
The orc wizard hits you but does no damage.
You closely miss the orc wizard.
The orc wizard is heavily wounded.
The orc wizard gestures at you while chanting.
The puff of frost hits you!
The orc wizard gestures wildly while chanting.
The orc wizard blinks!
The orc wizard gestures at you while chanting.
The puff of flame hits you!
The orc wizard hits you but does no damage.
You barely miss the orc wizard.
The orc wizard casts a cantrip, but nothing happens.
The orc wizard mumbles some strange words.
The orc wizard blinks!
The orc wizard casts a spell at you. The puff of frost hits you!
You die...

#.#
#.#####.##
#...oo...#
########)#
#.# #o# #o#
#o# #@#
#ยง# ###
#.# ..# #.#
#.# #o# #.#
#.# #.# #.#
#.# #.#
#.#######.#


You could see 2 orc wizards and 2 orcs.

Vanquished Creatures
  A hound (D:3)
  4 adders (D:2)
  2 worms
  2 leopard geckos (D:1)
  2 orcs (D:3)
  A ball python (D:1)
  2 goblins
  8 hobgoblins
  2 quokkas (D:2)
  4 bats
  5 frilled lizards
  7 kobolds
  3 rats
43 creatures vanquished.

Notes
Turn   | Place    | Note
-------+----------+-------------------------------------------
     0 | Abyss:1  | Antenora the Draconian Abyssal Knight began the quest for
                  | the Orb.
     0 | Abyss:1  | Reached XP level 1. HP: 19/19 MP: 2/2
    79 | Abyss:1  | Noticed a ynoxinul
    80 | D:1      | Escaped the Abyss
   557 | D:1      | Reached * piety under Lugonu
   557 | D:1      | Reached XP level 2. HP: 25/26 MP: 3/3
   950 | D:2      | Found a sacrificial altar of Ru.
   969 | D:2      | Reached XP level 3. HP: 33/33 MP: 4/4
  1010 | D:2      | Gained mutation: Potions are less effective at restoring
                  | your health. [potion of mutation]
  1010 | D:2      | Gained mutation: You have a pair of small horns on your
                  | head. [potion of mutation]
  1010 | D:2      | Gained mutation: You are agile. (Dex +2) [potion of
                  | mutation]
  1134 | D:2      | Reached skill level 4 in Fighting
  1134 | D:2      | Reached XP level 4. HP: 27/40 MP: 5/5
  1249 | D:2      | Found a broken altar of Ashenzari.
  1305 | D:2      | Found an iron altar of Okawaru.
  1552 | D:3      | Reached ** piety under Lugonu
  1565 | D:3      | Killed from afar by an orc wizard

Illustrated notes

Levels and vault maps discovered:
D:1:      beargit_arrival_greenhouse, layout_rooms, serial_bayou_lake_a
D:2:      layout_loops_ring, nicolae_overflow_hidden_temple,
          hangedman_ru_absence, evilmike_ruin_ashenzari, st_stairs_4,
          grunt_ministairs_15
D:3:      layout_loops_ring, lemuel_round_altar, gammafunk_ghost_abyssal_escape,
          cheibriados_altar_1

Skill      XL: |  1  2  3 |
---------------+----------+-----
Long Blades    | 3 |  3.5
Fighting       | 4 |  4.1
Dodging        | |  2.9
Stealth        | |  0.1
Invocations    | |  2.5

Action                   |  1- 3 |  4- 6 || total
-------------------------+-------+-------++-------
Melee: Falchion          |    65 |    37 ||   102
       Tailslap          |    11 |     3 ||    14
       Headbutt          |     4 |     8 ||    12
Invok: Depart the Abyss  |     1 |       ||     1
  Use: Scroll            |     3 |       ||     3
       Potion            |     4 |       ||     4
Armor: Skin              |    39 |    12 ||    51
Dodge: Dodged            |   112 |    26 ||   138
       Rpst.: Falchion   |    37 |    13 ||    50

Table legend: (Time is in decaauts)
 A = Elapsed time spent in this place.
 B = Non-inter-level travel time spent in this place.
 C = Inter-level travel time spent in this place.
 D = Time resting spent in this place.
 E = Time spent auto-exploring this place.
 F = Levels seen in this place.
 G = Mean time per level.
                   A        B        C        D        E       F      G
               +--------+--------+--------+--------+--------+-----+--------+
         Total |   1582 |   1579 |      3 |    249 |      0 |   4 |  395.5 |
       Dungeon |   1502 |   1499 |      3 |    249 |      0 |   3 |  500.7 |
         Abyss |     80 |     80 |      0 |      0 |      0 |   1 |   80.0 |
               +--------+--------+--------+--------+--------+-----+--------+

Top non-repeatable levels by time:
     D:1: 848 daAuts
     D:2: 477 daAuts
     D:3: 175 daAuts
 Abyss:1: 80 daAuts
